 Dungeon Crawl Stone Soup version 0.30-a0-782-ge64f9170bb (webtiles) character file.

Game seed: 2252045851407658864

19 Darkkill the Shooter (level 2, -6/25 HPs)
             Began as a Minotaur Hunter on Feb 18, 2023.
             Was a Follower of Qazlal.
             Mangled by Natasha (7 damage)
             ... on level 2 of the Dungeon.
             The game lasted 00:01:14 (600 turns).

Darkkill the Shooter (Minotaur Hunter)               Turns: 600, Time: 00:01:15

Health: -6/25      AC:  3    Str: 15    XL:     2   Next: 55%
Magic:  1/1        EV: 12    Int:  6    God:    Qazlal [*.....]
Gold:   32         SH:  2    Dex: 13    Spells: 1/1 levels left

rFire   . . .      SeeInvis .    a - +0 shortbow
rCold   . . .      Faith    .    (shield currently unavailable)
rNeg    . . .      Spirit   .    c - +0 leather armour
rPois   .          Reflect  .    (helmet restricted)
rElec   .          Harm     .    (no cloak)
rCorr   .          Rampage  .    (no gloves)
Will    .....                    (no boots)
Stlth   +                        (no amulet)
HPRegen 0.24/turn                (no ring)
MPRegen 0.07/turn                (no ring)

@: no status effects
A: horns 2, retaliatory headbutt
a: Renounce Religion


You were on level 2 of the Dungeon.
You worshipped Qazlal.
Qazlal was aware of your devotion.
You visited 1 branch of the dungeon, and saw 2 of its levels.

You collected 32 gold pieces.

Inventory:

Hand Weapons
 a - a +0 shortbow (weapon)
Missiles
 f - 9 stones
Armour
 c - a +0 leather armour (worn)
Scrolls
 b - 3 scrolls of immolation
 d - a scroll of blinking {unknown}
 e - a scroll of silence {unknown}
 g - a scroll of noise {unknown}
 i - 2 scrolls of teleportation {unknown}
 j - a scroll of torment {unknown}
 k - 2 scrolls of identify {unknown}
Potions
 h - a potion of resistance {unknown}


   Skills:
 + Level 2.8 Fighting
 + Level 4.6 Ranged Weapons
 + Level 2.5 Dodging
 + Level 1.2 Stealth


You had one spell level left.
You didn't know any spells.
Your spell library was empty.

Dungeon Overview and Level Annotations

Branches:
Dungeon (2/15)

Altars:
Qazlal

Annotations:
D:2 Natasha


Innate Abilities, Weirdness & Mutations

You have a pair of horns on your head.
You reflexively headbutt those who attack you in melee.


Message History

A ball python is nearby!
You shoot an arrow. The arrow hits the ball python!
You kill the ball python!
Qazlal accepts your kill.
You hear a shout!
You see here a ball python corpse.
A goblin comes into view. It is wielding a +0 dagger.
The goblin hits you but does no damage.
You shoot an arrow. The arrow hits the goblin.
The goblin is heavily wounded.
The goblin hits you but does no damage. The goblin hits you with a +0 dagger.
A goblin is nearby!
You shoot an arrow. The arrow hits the goblin.
The goblin is severely wounded.
The goblin barely misses you.
A goblin is nearby!
You shoot an arrow. The arrow hits the goblin.
You kill the goblin!
Qazlal accepts your kill.
A dart slug comes into view.
You shoot an arrow. The arrow hits the dart slug.
The dart slug is heavily wounded.
A dart slug is nearby!
You shoot an arrow. The arrow hits the dart slug.
The dart slug is severely wounded.
A dart slug is nearby!
You shoot an arrow. The arrow hits the dart slug!
You kill the dart slug!
Qazlal accepts your kill.
HP restored.
i - 2 scrolls labelled ZABESO FONUBA (gained 1)
Things that are here:
a +0 dagger; a goblin corpse A rat comes into view.
You shoot an arrow. The arrow hits the rat.
You kill the rat!
Qazlal accepts your kill.
k - 2 scrolls labelled ISACEM ILIDD (gained 1)
You see here a +0 ring mail.
A goblin comes into view. It is wielding a +0 dagger.
A goblin is nearby!
You shoot an arrow. The arrow hits the goblin!
You kill the goblin!
Qazlal accepts your kill.
Things that are here:
a +0 dagger; a goblin corpse You now have 32 gold pieces (gained 10).
Done exploring.
No target in view!
Done exploring.
No target in view!
Done exploring.
No target in view!
No target in view!
Done exploring.
Done exploring.
No target in view!
No target in view!
Done exploring.
There is a stone staircase leading down here.
You climb downwards.
There is a stone staircase leading up here.
You hear an angry hiss.
Natasha, Servant of Life and Death comes into view.
Okay, then.
Natasha is nearby!
You shoot an arrow. The arrow barely misses Natasha.
You shoot an arrow. The arrow hits Natasha.
Natasha is moderately wounded.
Natasha closely misses you.
You shoot an arrow. The arrow barely misses Natasha.
Natasha casts a spell.
You shoot an arrow. The arrow hits Natasha.
Natasha is severely wounded.
Natasha drinks a potion.
Natasha is healed!
Natasha claws you.
You shoot an arrow. The arrow hits Natasha.
Natasha is moderately wounded.
The shadow imp hits you. Natasha barely misses you. You furiously retaliate!
You headbutt Natasha. You shoot an arrow. The arrow hits Natasha.
Natasha is heavily wounded.
The shadow imp hits you. Natasha claws you! The shadow imp barely misses you.
Natasha misses you.
You are too injured to fight recklessly!
There are monsters nearby!
You are too injured to fight recklessly!
Fire: a) +0 shortbow
Press: ? - help, Q - select action, (/) - cycle Shift-Dir - straight line, f/p - Natasha
Aim: Natasha (heavily wounded, 53% to hit)
You shoot an arrow. The arrow closely misses Natasha.
The shadow imp hits you. You block Natasha's attack.
Fire: a) +0 shortbow
Press: ? - help, Q - select action, (/) - cycle Shift-Dir - straight line, f/p - Natasha
Aim: Natasha (heavily wounded, 53% to hit)
You shoot an arrow. The arrow barely misses Natasha.
The shadow imp gestures at you. Pain shoots through your body!
* * * LOW HITPOINT WARNING * * *
Natasha claws you!
You die...

## .. .. .#
###.# #<#.#
.######.#5#.#
........@h..+
.######.#.#.#
#.#.# #.#.#
#.#.# ..#.#
###.. ..


You could see Natasha and a shadow imp (summoned).

Vanquished Creatures
  A dart slug (D:1)
  An endoplasm (D:1)
  A giant cockroach (D:1)
  3 goblins (D:1)
  A hobgoblin (D:1)
  A kobold (D:1)
  A quokka (D:1)
  3 ball pythons (D:1)
  3 rats (D:1)
15 creatures vanquished.

Notes
Turn   | Place    | Note
-------+----------+-------------------------------------------
     0 | D:1      | Darkkill the Minotaur Hunter began the quest for the Orb.
     0 | D:1      | Reached XP level 1. HP: 18/18 MP: 0/0
   244 | D:1      | Reached skill level 1 in Stealth
   270 | D:1      | Reached XP level 2. HP: 25/25 MP: 1/1
   293 | D:1      | Found a faded altar of an unknown god.
   322 | D:1      | Prayed at the altar of an unknown god.
   322 | D:1      | Became a worshipper of Qazlal Stormbringer
   322 | D:1      | Reached * piety under Qazlal
   592 | D:2      | Noticed Natasha
   600 | D:2      | HP: 1/25 [shadow imp/nerve-wracking pain[Natasha] (8)]
   600 | D:2      | Mangled by Natasha

Illustrated notes

Levels and vault maps discovered:
D:1:      matt_arrival_los_fun, layout_basic,
          hellmonk_ecumenical_altar_lost_god, kennysheep_decorative_pillar,
          minmay_tripent
D:2:      layout_basic, minmay_randomly_rotated_circles, uniq_natasha

Skill      XL: |  1 |
---------------+----+-----
Stealth        | 1 |  1.2
Fighting       | |  2.8
Ranged Weapons | |  4.6
Dodging        | |  2.5

Action                     || total
---------------------------++-------
   Fire: Shortbow          ||    41
 Armour: Leather armour    ||     3
  Dodge: Dodged            ||     5
  Block: Other             ||     1

Table legend: (Time is in decaauts)
 A = Elapsed time spent in this place.
 B = Non-inter-level travel time spent in this place.
 C = Inter-level travel time spent in this place.
 D = Time resting spent in this place.
 E = Time spent auto-exploring this place.
 F = Levels seen in this place.
 G = Mean time per level.
                   A        B        C        D        E       F      G
               +--------+--------+--------+--------+--------+-----+--------+
         Total |    612 |    603 |      9 |      0 |    506 |   2 |  306.0 |
       Dungeon |    612 |    603 |      9 |      0 |    506 |   2 |  306.0 |
               +--------+--------+--------+--------+--------+-----+--------+

Top non-repeatable levels by time:
     D:1: 599 daAuts
     D:2: 13 daAuts

Table legend:
 A = Kills in this place as a percentage of kills in entire the game.
 B = Kills by you in this place as a percentage of kills by you in the entire game.
 C = Kills by friends in this place as a percentage of kills by friends in the entire game.
 D = Other kills in this place as a percentage of other kills in the entire game.
 E = Experience gained in this place as a percentage of experience gained in the entire game.
 F = Experience gained in this place divided by the number of levels of this place that you have seen.
                   A       B       C       D       E      F
               +-------+-------+-------+-------+-------+----------------------
         Total | 100.0 | 100.0 |   N/A |   N/A | 100.0 |  14.0
       Dungeon | 100.0 | 100.0 |   N/A |   N/A | 100.0 |  14.0
               +-------+-------+-------+-------+-------+----------------------
